 Dungeon Crawl Stone Soup version 0.19.1-1-g22dce08 (webtiles) character file.

105 Joat the Cutter (level 4, 0/38 HPs)
             Began as a Draconian Wanderer on Jan 16, 2017.
             Slain by a gnoll
             ... wielding a +0 flail
              (5 damage)
             ... on level 2 of the Dungeon.
             The game lasted 00:07:44 (1662 turns).

Joat the Cutter (Draconian Wanderer)                Turns: 1662, Time: 00:07:45

Health: 0/38       AC:  5    Str: 15    XL:     4   Next: 54%
Magic:  5/5        EV: 12    Int: 12    God:
Gold:   99         SH:  0    Dex: 11    Spells: 0 memorised, 3 levels left

rFire  . . .     SeeInvis .     b - +2 dagger (venom)
rCold  . . .     Gourm    +     (armour unavailable)
rNeg   . . .     Faith    .     (no shield)
rPois  .         Spirit   .     (helmet restricted)
rElec  .         Reflect  .     (no cloak)
rCorr  .         Harm     .     (no gloves)
MR     .....                    (no boots)
Stlth  ++........               j - amulet of the gourmand
                                (no ring)
                                (no ring)

@: no status effects
A: unfitting armour, cold-blooded, AC +5
a: no special abilities


You were on level 2 of the Dungeon.
You were completely stuffed.

You visited 1 branch of the dungeon, and saw 3 of its levels.

You collected 99 gold pieces.

Inventory:

Hand Weapons
 a - a +2 short sword
 b - a +2 dagger of venom (weapon)
Jewellery
 j - an amulet of the gourmand (around neck)
Scrolls
 c - a scroll of teleportation
 h - a scroll of identify {unknown}
 i - a scroll of amnesia {unknown}
 l - a scroll of remove curse {unknown}
 m - a scroll of enchant weapon {unknown}
Potions
 e - 3 potions of curing {unknown}
 f - a potion of agility {unknown}
 k - a potion of berserk rage {unknown}
 n - a potion of resistance {unknown}
Comestibles
 d - 2 bread rations
 g - a slice of pizza
 o - a chunk of flesh


   Skills:
 + Level 3.2 Fighting
 - Level 4.0 Short Blades
 + Level 1.7 Dodging
 + Level 2.2 Stealth
   Level 1.0 Transmutations
   Level 2.0 Ice Magic
   Level 2.0 Evocations


You had 3 spell levels left.
You didn't know any spells.

Dungeon Overview and Level Annotations

Branches:
Dungeon (3/15)

Altars:


Innate Abilities, Weirdness & Mutations

Your plain brown scales are hard. (AC +5)
You cannot fit into any form of body armour.
You are cold-blooded and may be slowed by cold attacks.


Message History

The gnoll closely misses you.
You hit the gnoll.
You kill the gnoll!
You barely miss the gnoll. The gnoll hits you with a flail!
* * * LOW HITPOINT WARNING * * *
You hit the gnoll.
The gnoll is moderately wounded.
You hit the gnoll but do no damage.
Your tail-slap misses the gnoll.
The gnoll is moderately wounded.
The gnoll barely misses you.
You closely miss the gnoll.
The gnoll is moderately wounded.
The gnoll hits you from afar with a spear.
* * * LOW HITPOINT WARNING * * *
The gnoll closely misses you.
You hit the gnoll but do no damage.
The gnoll is poisoned.
You tail-slap the gnoll.
The gnoll is moderately wounded.
The gnoll hits you with a flail.
You die...

.#
#......$#g.#..#..##..........
.#
#......wb..##b...............
.####.......#<..b....
#..........
...##.......#........
#####...###
.#.##...(...######g## #...#
.#.########## #J# #...# .#.#
#.########...# ##.#
#######.#.........## ...###
#....@g.#.######### .....#
#.#######.# .....# #.#
#.####### .....#######.#
#........ .............#
#####..###### .....#########
#......####### ..####
#.###......... .##
#.####.###### .# #.#....#


You could see a gnoll.

Vanquished Creatures
  A worker ant (D:3)
  A gnoll (D:2)
  2 adders (D:3)
  A dart slug (D:1)
  A leopard gecko (D:1)
  An orc (D:3)
  A giant cockroach (D:1)
  10 goblins
  8 hobgoblins
  10 kobolds
  4 bats (D:1)
  5 frilled lizards
  7 rats
52 creatures vanquished.

Notes
Turn   | Place    | Note
-------+----------+-------------------------------------------
     0 | D:1      | Joat the Draconian Wanderer began the quest for the Orb.
     0 | D:1      | Joat set off with: a +2 short sword, a potion of lignification, a scroll of teleportation, a bread ration
     0 | D:1      | Reached XP level 1. HP: 16/16 MP: 2/2
   316 | D:1      | Reached XP level 2. HP: 23/24 MP: 3/3
   323 | D:1      | Reached skill level 1 in Stealth
   545 | D:1      | You fall through a shaft!
   895 | D:1      | Reached XP level 3. HP: 29/29 MP: 4/4
  1240 | D:2      | You fall through a shaft!
  1244 | D:3      | Reached skill level 1 in Dodging
  1280 | D:3      | Reached XP level 4. HP: 25/37 MP: 5/5
  1662 | D:2      | Slain by a gnoll

Skill      XL: |  1  2  3  4 |
---------------+-------------+-----
Stealth        | 1 2 |  2.2
Fighting       | 2 3 |  3.2
Dodging        | 1 |  1.7
Short Blades   | |  4.0
Transmutations | |  1.0
Ice Magic      | |  2.0
Evocations     | |  2.0

Action                   |  1- 3 |  4- 6 || total
-------------------------+-------+-------++-------
Melee: Short sword       |   109 |    13 ||   122
       Tailslap          |     5 |     2 ||     7
       Dagger            |       |    23 ||    23
  Use: Potion            |     1 |       ||     1
 Stab: Sleeping          |     4 |     1 ||     5
  Eat: Chunk             |    11 |    10 ||    21
Armor: Skin              |    32 |     8 ||    40
Dodge: Dodged            |    57 |     9 ||    66
